 Dungeon Crawl Stone Soup version 0.30.1-11-g7821555f0a (webtiles) character file.

Game seed: 14022238112764878634

25 hawla the Conjurer (level 2, 0/20 HPs)
             Began as a Draconian Conjurer on Jan 10, 2024.
             Slain by a goblin
             ... wielding a +0 dagger
             ... led by Robin
              (5 damage)
             ... on level 2 of the Dungeon.
             The game lasted 00:02:45 (995 turns).

hawla the Conjurer (Draconian Conjurer)              Turns: 995, Time: 00:02:45

Health: 0/20       AC:  4    Str:  9    XL:     2   Next: 86%
Magic:  5/5        EV: 12    Int: 18    God:
Gold:   34         SH:  0    Dex:  9    Spells: 2/5 levels left

rFire   . . .        d - staff of poison
rCold   . . .        (no shield)
rNeg    . . .        (body armour unavailable)
rPois   +            (helmet restricted)
rElec   .            (no cloak)
rCorr   .            (no gloves)
SInv    .            (no boots)
Will    .....        (no amulet)
Stlth   ++           (no ring)
HPRegen 0.23/turn    (no ring)
MPRegen 0.09/turn

%: no passive effects
@: no status effects
A: AC +4, unfitting armour, cold-blooded
a: no special abilities


You were on level 2 of the Dungeon.
You visited 1 branch of the dungeon, and saw 2 of its levels.

You collected 34 gold pieces.

Inventory:

Magical Staves
 d - a staff of poison (weapon)
Scrolls
 c - a scroll of enchant weapon {unknown}
 e - a scroll of butterflies {unknown}
 g - a scroll of identify {unknown}
 h - a scroll of poison {unknown}
 i - 2 scrolls of magic mapping {unknown}
 k - a scroll of fear {unknown}
Potions
 a - a potion of magic
 b - a potion of ambrosia {unknown}
 f - a potion of heal wounds {unknown}
 j - a potion of resistance {unknown}


   Skills:
 + Level 2.1 Staves
 - Level 1.8 Dodging
 - Level 1.8 Stealth
 - Level 2.0 Spellcasting
 - Level 4.2 Conjurations


You had 2 spell levels left.
You knew the following spells:

 Your Spells              Type           Power      Damage    Failure   Level
a - Magic Dart            Conj           68%        1d6       3%          1
b - Searing Ray           Conj           34%        2d5       4%          2

Your spell library contained the following spells:

 Spells                   Type           Power      Damage    Failure   Level
 Dazzling Flash           Conj/Hex       18%        N/A       22%         3
 Fulminant Prism          Conj/Hex       4%         3d5       58%         4
 Iskenderun's Mystic Bla  Conj/Tloc      9%         2d4       58%         4


Dungeon Overview and Level Annotations

Branches:
Dungeon (2/15)

Altars:

Annotations:
D:2 Robin


Innate Abilities, Weirdness & Mutations

Your plain brown scales are hard. (AC +4)
You cannot fit into any form of body armour.
You are cold-blooded and may be slowed by cold attacks.


Message History

There is an open door here.
There is a stone staircase leading down here.
You climb downwards.
Found 10 gold pieces.
There is a stone staircase leading up here.
Memorise Searing Ray, consuming 2 spell levels and leaving 2?
You start memorising the spell.
You continue memorising. x2
You finish memorising.
Spell assigned to 'b'.
Okay, then.
You now have 34 gold pieces (gained 10).
Found a stone staircase leading down.
A goblin and a giant cockroach come into view.
The goblin shouts!
You hear a shout!
A goblin comes into view. It is wielding a +0 club.
A hobgoblin comes into view. 3 goblins come into view.
The goblin shouts! x3; You hear a shout!
Robin of the Strong Arm comes into view.
They are wielding a +0 club.
The goblin shouts!
You hear a shout!
A goblin comes into view. It is wielding a +0 club.
You barely miss the giant cockroach. The giant cockroach barely misses you.
The goblin hits you with a +0 dagger. Robin throws the goblin at you!
You hit the giant cockroach but do no damage.
Your tail-slap misses the giant cockroach.
The giant cockroach barely misses you. The goblin closely misses you.
The goblin hits you with a +0 club.
The giant cockroach bites you but does no damage.
The goblin attacks as you move away! The goblin hits you with a +0 club.
The goblin attacks as you move away! The goblin hits you but does no damage.
Robin roars a battlecry!
The goblins go into a battle-frenzy!
You hear a shout!
The goblin attacks as you move away! The goblin hits you with a +0 dagger.
There is a stone staircase leading up here.
The goblin hits you with a +0 dagger. The goblin hits you with a +0 club.
* * * LOW HITPOINT WARNING * * *
The goblin attacks as you move away! The goblin misses you.
The goblin attacks as you move away! The goblin hits you but does no damage.
The goblin hits you with a +0 dagger.
You die...

....#..g.....###.#
. #.#B.ggg.....#
#...##g######
#...####.#####
..... #.......#
.....##.#B###.#
.........gg.#.#
.....##.#.g##.#
...##...@##.#
............#
...#........# ##
#..#..#.#♣
#....~~~~P~P
......~P~~PP~~
......~P~~~≈~~~
.....~PP~~~~≈≈≈
.......~~~≈≈≈≈≈


You could see Robin, a giant cockroach and 5 goblins.

Vanquished Creatures
  A dart slug (D:1)
  3 bats (D:1)
  An endoplasm (D:1)
  3 goblins (D:1)
  A hobgoblin (D:1)
  3 jackals (D:1)
  A quokka (D:1)
  A ball python (D:1)
  A frilled lizard (D:1)
  2 kobolds (D:1)
  6 rats (D:1)
23 creatures vanquished.

Notes
Turn   | Place    | Note
-------+----------+-------------------------------------------
     0 | D:1      | hawla the Draconian Conjurer began the quest for the Orb.
     0 | D:1      | Reached XP level 1. HP: 14/14 MP: 3/3
   211 | D:1      | Reached skill level 1 in Staves
   211 | D:1      | Reached XP level 2. HP: 14/20 MP: 3/5
   361 | D:1      | Found a faded altar of an unknown god.
   964 | D:2      | Learned a level 2 spell: Searing Ray
   981 | D:2      | Noticed Robin
   995 | D:2      | Slain by a goblin

Illustrated notes

Levels and vault maps discovered:
D:1:      tarquinn_simple_flora_water_b, layout_loops_ring,
          ebering_ecumenical_altar_webs, hex_tiny
D:2:      layout_basic, serial_bayou, serial_bayou_pond_e, serial_bayou_shore_a,
          serial_bayou_shore_b, serial_bayou_lagoon_a, st_stairs_1,
          uniq_crazy_yiuf_cottage, uniq_robin

Skill      XL: |  1  2 |
---------------+-------+-----
Staves         | 1 2 |  2.1
Dodging        | |  1.8
Stealth        | |  1.8
Spellcasting   | |  2.0
Conjurations   | |  4.2

Action                     || total
---------------------------++-------
  Melee: Staff             ||    80
         Unarmed           ||    13
         Tailslap          ||     8
         Punch             ||     1
   Cast: Magic Dart        ||    19
   Stab: Sleeping          ||     3
 Armour: Skin              ||    23
  Dodge: Dodged            ||    73
